 Dungeon Crawl Stone Soup version 0.20.1-1-g8b1a95d (webtiles) character file.

119656 pib the Sharpshooter (level 17, -5/113 HPs)
             Began as a Kobold Berserker on Aug 7, 2017.
             Was a High Priest of Trog.
             Slain by a merfolk
             ... wielding a +0 great sword
              (9 damage)
             ... on level 4 of the Shoals on Oct 3, 2017.
             The game lasted 02:24:36 (34111 turns).

pib the Sharpshooter (Kobold Berserker)            Turns: 34111, Time: 02:24:37

Health: -5/113     AC: 25    Str: 21    XL:     17   Next: 35%
Magic:  26/26      EV: 17    Int:  8    God:    Trog [*****.]
Gold:   1445       SH:  0    Dex: 15    Spells: 16/16 levels left

rFire    . . .     SeeInvis .   a - +3 dagger (elec)
rCold    . . .     Gourm    .   (shield restricted)
rNeg     + . .     Faith    .   d - +5 plate armour {MR+}
rPois    .         Spirit   .   r - +1 helmet
rElec    .         Reflect  .   T - scarf {repulsion}
rCorr    .         Harm     .   g - +1 pair of gloves
MR       +++..                  M - +0 pair of boots {Fly}
Stlth    +.........             t - amulet of magic regeneration
Regen    0.3/turn               w - ring of protection from magic
MPRegen  0.3/turn               m - ring of positive energy

@: flying, repel missiles
A: carnivore 3
a: Berserk, Trog's Hand, Brothers in Arms, Burn Spellbooks, Renounce Religion,
Stop Flying


You were on level 4 of the Shoals.
You worshipped Trog.
Trog was extremely pleased with you.
You were very full.

You visited 5 branches of the dungeon, and saw 25 of its levels.
You also visited: Ice Cave.

You collected 2743 gold pieces.
You spent 1298 gold pieces at shops.

Inventory:

Hand Weapons
 a - a +3 dagger of electrocution (weapon)
 b - a +9 arbalest of freezing
 e - a +4 quick blade
 h - a +5 triple crossbow of flaming
 k - a +3 triple crossbow of freezing
Missiles
 o - 13 needles of frenzy
 s - 2 needles of sleeping
 L - 70 bolts
 S - 71 poisoned needles
Armour
 d - a +5 plate armour of magic resistance (worn)
 g - a +1 pair of gloves (worn)
 r - a +1 helmet (worn)
 M - a +0 pair of boots of flying (worn)
 Q - a scarf of spirit shield
 T - a scarf of repulsion (worn)
 X - a +2 leather armour of poison resistance
Jewellery
 m - a ring of positive energy (right hand)
 p - an uncursed ring of magical power
 t - an amulet of magic regeneration (around neck)
 w - a ring of protection from magic (left hand)
 D - an uncursed ring of protection from cold
Wands
 n - a wand of lightning (3/15)
 x - a wand of acid (4/15)
 F - a wand of iceblast (8/15)
 G - a wand of acid (5/15)
 K - a wand of iceblast (0/15)
 N - a wand of lightning (6/15)
 P - a wand of digging (1/24)
 R - a wand of iceblast (4/15)
 Y - a wand of disintegration (1/24)
Scrolls
 i - 3 scrolls of enchant armour
 j - a scroll of magic mapping
 q - 13 scrolls of remove curse
 y - a scroll of blinking
 V - 4 scrolls of teleportation
 W - 2 scrolls of enchant weapon
 Z - 5 scrolls of identify
Potions
 f - 2 potions of ambrosia
 l - 4 potions of mutation
 u - 2 potions of curing
 v - 3 potions of heal wounds
 A - 4 potions of might
 B - a potion of resistance {unknown}
 C - 4 potions of brilliance
 J - 3 potions of invisibility
 O - 3 potions of haste
 U - 2 potions of agility
Books
 H - a book of Cantrips

   Spells                             Type                      Level
   a - Confusing Touch                Hexes                        1
   b - Animate Skeleton               Necromancy                   1
   c - Summon Small Mammal            Summoning                    1
   d - Apportation                    Translocation                1
   Trog disapproves of the use of such an item.
Miscellaneous
 I - a fan of gales
Comestibles
 c - 10 meat rations
 z - 6 royal jellies


   Skills:
 * Level 15.2 Fighting
 - Level 10.4 Short Blades
 + Level 16.1 Crossbows
 - Level 9.7 Armour
 + Level 14.0 Dodging
 - Level 12.1 Stealth
 - Level 12.2 Evocations


You had 16 spell levels left.
You didn't know any spells.

Dungeon Overview and Level Annotations

Branches:
Dungeon (12/15)            Temple (0/1) D:4            Lair (6/6) D:8
 Shoals (4/4) Lair:4       Spider (1/4) Lair:3        Slime (0/5) Lair:5
    Orc (2/2) D:10            Elf (0/3) Orc:2

Altars:
Ashenzari
Cheibriados
Elyvilon
Gozag
Kikubaaqudgha
Nemelex Xobeh
Sif Muna
Trog
Yredelemnul

Shops:
D:8 =   D:10 }   Orc:2 *=!(

Annotations:
D:8 2 transporters


Innate Abilities, Weirdness & Mutations

You are small and have problems with some larger weapons.
You are carnivorous and can eat meat at any time.


Message History

You start resting.
You recover from your berserk rage.
You start resting.
A faun comes into view. It is wielding a spear.
A wind drake is nearby!
The wind drake hisses angrily.
The wind drake flaps its wings at you.
The air twists around and violently strikes you in flight!
* * * LOW HITPOINT WARNING * * *
There is a stone staircase leading down here.
You fly downwards.
A merfolk comes into view. It is wielding a great sword.
The merfolk shouts!
There is a stone staircase leading up here.
The merfolk hits you with a great sword!
* * * LOW HITPOINT WARNING * * *
The merfolk closely misses you.
The merfolk hits you but does no damage.
The merfolk hits you with a great sword!
You die...

*********###############*********
≈≈≈≈≈≈≈≈≈≈≈≈≈≈≈≈≈≈≈≈≈≈≈≈≈≈≈≈≈≈≈≈≈
≈≈≈≈≈≈≈≈≈≈≈≈≈≈≈≈≈≈≈≈≈≈≈≈≈≈≈≈≈≈≈≈≈
≈≈≈≈≈≈≈≈≈≈≈≈≈≈≈≈≈≈≈≈≈≈≈≈≈≈≈≈≈≈≈≈≈
≈≈≈≈≈≈≈≈≈≈≈≈≈≈≈≈≈≈≈≈≈≈≈≈≈≈≈≈≈≈≈≈≈
≈≈≈≈≈≈≈≈≈≈≈≈≈≈≈≈≈m..≈≈≈≈≈≈≈≈≈≈≈≈≈
≈≈≈≈≈≈≈≈≈≈≈≈≈≈≈≈@#,,,≈≈≈≈≈≈≈≈≈≈≈≈
,,,≈≈≈≈≈≈≈≈≈≈≈≈≈.....≈≈≈≈≈≈≈≈≈≈≈≈
,,,,,≈≈≈≈≈≈≈≈≈≈≈≈....≈≈≈≈≈≈≈≈≈≈≈≈
≈,,,,,,,,.≈≈≈≈≈≈≈≈≈.....,,,,≈≈≈≈≈
≈,,,,,,,,..≈≈≈≈≈≈≈≈.....,,,,,≈≈≈≈
*,,,,,,,,.≈≈≈≈≈≈≈≈≈.....,,,,,,≈≈≈
*≈,,,,,,,.≈.≈≈≈≈≈≈≈.....≈*****≈≈≈
≈≈≈≈,,,,,.≈.≈≈≈≈.≈≈.....*******≈≈
≈≈≈≈≈≈,,,,,,≈≈≈≈≈≈≈≈,,***,**,,≈**


You could see a merfolk.

Vanquished Creatures
  Saint Roka (Orc:2)
  Ilsuiw (Shoals:4)
  2 entropy weavers (Lair:6)
  5 merfolk javelineers
  The ghost of ConnectionFaild the Carver, a journeyman OpFi of Dithmenos (D:12)
  5 merfolk impalers
  3 hydras
  Harold (D:12)
  A merfolk avatar (Shoals:1)
  A merfolk aquamancer (Shoals:4)
  An alligator snapping turtle (Shoals:4)
  A satyr (Shoals:3)
  A queen ant (Lair:6)
  2 ogre magi (Orc:2)
  12 two-headed ogres
  8 death yaks
  The ghost of slacker the Severer, a novice MiBe of Trog (D:10)
  10 sea snakes
  2 deep trolls (Orc:2)
  2 lindwurms
  A necromancer (Lair:4)
  8 harpies (Shoals:2)
  A wolf spider (Spider:1)
  4 ugly things
  3 manticores
  3 cyclopes
  15 fauns
  Maurice (Orc:2)
  15 elephants
  A water nymph (Shoals:1)
  6 merfolk sirens
  A torpor snail (Lair:4)
  5 black mambas
  4 rime drakes
  17 spiny frogs
  8 komodo dragons
  3 kobold demonologists (D:12)
  2 hornets
  10 merfolk
  A polar bear (Lair:2)
  4 wind drakes
  13 trolls
  12 blink frogs
  9 snapping turtles
  9 dream sheep
  12 hippogriffs
  2 redbacks (Spider:1)
  A water elemental (Shoals:2)
  3 wyverns
  A vampire (D:11)
  A tarantella (Spider:1)
  50 yaks
  4 basilisks
  2 hungry ghosts (D:9)
  6 vampire mosquitoes
  A warg (Orc:1)
  24 soldier ants (Lair:6)
  12 water moccasins
  8 porcupines
  11 orc warriors
  An eye of draining (D:11)
  9 ice beasts
  2 sky beasts
  4 black bears
  2 elephant zombies (Lair:4)
  25 ogres
  A phantom (D:8)
  A necrophage (D:7)
  6 wolves
  6 centaurs
  15 crocodiles
  6 big kobolds
  A wyvern zombie (D:10)
  11 bullfrogs
  A scorpion (D:6)
  16 killer bees
  5 wights (D:9)
  8 electric eels
  6 howler monkeys
  3 centaur zombies
  4 crimson imps
  2 bullfrog zombies
  A quasit (D:10)
  7 hounds
  6 centaur skeletons
  2 jellies
  A gnoll shaman (D:4)
  7 orc priests
  17 orc wizards
  10 hell rats
  2 iguanas
  30 worker ants
  A killer bee zombie (D:5)
  A hound zombie (D:10)
  A hound skeleton (D:5)
  2 worker ant zombies
  11 adders
  11 gnolls
  3 shadow imps
  4 oozes
  2 adder zombies
  2 adder skeletons
  4 worms
  2 dart slugs
  2 leopard geckos
  68 orcs
  9 bats
  7 giant cockroaches
  5 goblins
  6 hobgoblins
  18 jackals
  18 kobolds
  7 quokkas
  2 ball pythons (D:3)
  3 frilled lizards
  A leopard gecko skeleton (D:8)
  2 leopard gecko zombies (D:5)
  10 rats
  A fungus (Lair:5)
776 creatures vanquished.

Vanquished Creatures (collateral kills)
  The ghost of dscm the Severer, an adept DsFi of Okawaru (Shoals:4)
  A merfolk javelineer (Shoals:4)
  The ghost of bgiannan the Fighter, a journeyman GrFi of Cheibriados (Lair:3)
  A sea snake (Shoals:4)
  5 elephants (Lair:3)
  A spiny frog (Lair:3)
  2 merfolk (Shoals:4)
  A snapping turtle (Shoals:4)
  3 yaks (Lair:1)
  3 ice beasts (IceCv)
  2 wolves (Lair:1)
  A crocodile (Lair:1)
22 creatures vanquished.

Vanquished Creatures (others)
  29 fungi
  22 plants
51 creatures vanquished.

Grand Total: 849 creatures vanquished

Notes
Turn   | Place    | Note
-------+----------+-------------------------------------------
     0 | D:1      | pib the Kobold Berserker began the quest for the Orb.
     0 | D:1      | Reached XP level 1. HP: 14/14 MP: 1/1
   145 | D:1      | Reached skill level 1 in Stealth
   291 | D:1      | Reached XP level 2. HP: 9/19 MP: 2/2
   751 | D:1      | Reached XP level 3. HP: 24/24 MP: 3/3
   936 | D:1      | Reached ** piety under Trog
  1422 | D:2      | You fall through a shaft!
  1800 | D:2      | Reached XP level 4. HP: 22/29 MP: 4/4
  2330 | D:3      | Reached XP level 5. HP: 29/33 MP: 5/5
  2420 | D:3      | Found a white marble altar of Elyvilon.
  2427 | D:3      | Reached skill level 5 in Short Blades
  2525 | D:3      | Reached *** piety under Trog
  3180 | D:4      | Reached XP level 6. HP: 39/39 MP: 6/6
  3260 | D:4      | Found a staircase to the Ecumenical Temple.
  3550 | D:4      | Reached skill level 5 in Fighting
  3837 | D:4      | Reached XP level 7. HP: 44/44 MP: 7/7
  3857 | D:5      | Entered Level 5 of the Dungeon
  3912 | D:5      | Found a sparkling altar of Nemelex Xobeh.
  4132 | D:5      | Noticed a water moccasin
  4144 | D:5      | Killed a water moccasin
  4476 | D:5      | Found an opulent altar of Gozag.
  4574 | D:5      | Reached XP level 8. HP: 50/50 MP: 8/8
  4814 | D:5      | Found a snail-covered altar of Cheibriados.
  5371 | D:6      | Reached **** piety under Trog
  6202 | D:7      | Reached skill level 10 in Short Blades
  6202 | D:7      | Reached XP level 9. HP: 28/57 MP: 9/9
  6607 | D:7      | Found a deep blue altar of Sif Muna.
  6848 | D:7      | Reached skill level 5 in Dodging
  6975 | D:8      | Found Vopn's Jewellery Boutique.
  6996 | D:8      | Reached skill level 5 in Stealth
  7352 | D:8      | Found a transporter.
  7355 | D:8      | Found a basalt altar of Yredelemnul.
  7357 | D:8      | Noticed a flayed ghost
  7364 | D:8      | Found a transporter.
  7516 | D:8      | Found a shattered altar of Ashenzari.
  7518 | D:8      | Reached ***** piety under Trog
  7633 | D:8      | Reached XP level 10. HP: 19/65 MP: 10/10
  7892 | D:8      | Found a staircase to the Lair.
  8120 | D:8      | Found an ancient bone altar of Kikubaaqudgha.
  8120 | D:8      | Noticed a death knight
  8131 | D:8      | Noticed a death knight
  8270 | D:8      | Noticed a two-headed ogre
  8299 | D:8      | Killed a two-headed ogre
  8571 | Lair:1   | Entered Level 1 of the Lair of Beasts
  8612 | Lair:1   | Noticed a spiny frog
  8670 | Lair:1   | Noticed a five-headed hydra
  8676 | Lair:1   | Killed a five-headed hydra
  8981 | Lair:1   | Noticed a spiny frog
  8999 | Lair:1   | Killed a spiny frog
  9124 | Lair:1   | Killed a spiny frog
  9124 | Lair:1   | Reached skill level 10 in Stealth
  9124 | Lair:1   | Reached XP level 11. HP: 71/71 MP: 12/14
  9234 | Lair:1   | Got an ichor-stained mace
  9360 | Lair:1   | Reached skill level 5 in Evocations
  9571 | Lair:1   | Reached skill level 10 in Dodging
 10069 | Lair:2   | Got a faintly humming robe
 10374 | Lair:1   | Identified the +0 robe "Sativud" {rN+} (You found it on level 2 of the Lair of Beasts)
 10408 | Lair:1   | HP: 3/71 [hell rat (2)]
 10409 | Lair:1   | HP: 1/106 [hell rat (1)]
 10932 | D:9      | Found a bloodstained altar of Trog.
 11156 | D:9      | Reached skill level 1 in Crossbows
 11275 | D:9      | Reached skill level 2 in Crossbows
 11515 | D:9      | Reached skill level 3 in Crossbows
 12298 | D:10     | Entered Level 10 of the Dungeon
 12343 | D:10     | Noticed a two-headed ogre
 12350 | D:10     | Killed a two-headed ogre
 12350 | D:10     | Reached skill level 10 in Fighting
 12358 | D:10     | Noticed slacker's ghost (novice MiBe)
 12395 | D:10     | Killed slacker's ghost
 12852 | D:10     | Found Wasmil's Gadget Boutique.
 12860 | D:10     | Bought a wand of digging (7/24) for 242 gold pieces
 12917 | D:10     | Received a gift from Trog
 12949 | D:10     | Reached skill level 4 in Crossbows
 12973 | D:10     | Reached XP level 12. HP: 77/78 MP: 16/16
 13896 | D:10     | Found a staircase to the Orcish Mines.
 13909 | D:10     | Reached skill level 5 in Crossbows
 13985 | Orc:1    | Entered Level 1 of the Orcish Mines
 14308 | Orc:2    | Entered Level 2 of the Orcish Mines
 14365 | Orc:2    | Found a staircase to the Elven Halls.
 14497 | Orc:2    | Noticed Saint Roka
 14551 | D:10     | Noticed a two-headed ogre
 14563 | D:10     | Killed a two-headed ogre
 14836 | D:10     | Reached skill level 6 in Crossbows
 14856 | D:10     | Noticed a two-headed ogre
 14872 | D:10     | Killed a two-headed ogre
 15185 | D:11     | Received a gift from Trog
 15648 | D:11     | Reached skill level 5 in Armour
 15779 | D:11     | Reached skill level 7 in Crossbows
 17419 | D:12     | Noticed ConnectionFaild's ghost (journeyman OpFi)
 17431 | D:12     | Killed ConnectionFaild's ghost
 17431 | D:12     | Reached skill level 8 in Crossbows
 17431 | D:12     | Reached XP level 13. HP: 77/83 MP: 16/18
 17914 | D:12     | Received a gift from Trog
 18122 | D:12     | Noticed Harold
 18157 | D:12     | Killed Harold
 18199 | D:12     | Noticed a five-headed hydra
 18213 | D:12     | Noticed a four-headed hydra
 18636 | Lair:1   | Reached skill level 9 in Crossbows
 18960 | Lair:2   | Identified a scroll of acquirement
 20065 | Lair:3   | Found a hole to the Spider Nest.
 20345 | Lair:3   | Noticed bgiannan's ghost (journeyman GrFi)
 20401 | Lair:3   | Reached skill level 10 in Crossbows
 20479 | Lair:3   | Killed bgiannan's ghost
 20479 | Lair:3   | Reached XP level 14. HP: 50/88 MP: 19/19
 20551 | Lair:3   | Received a gift from Trog
 21646 | Lair:4   | Received a gift from Trog
 21800 | Lair:4   | Received a gift from Trog
 21907 | Lair:4   | Reached skill level 11 in Crossbows
 22067 | Lair:4   | Found a staircase to the Shoals.
 22479 | Lair:4   | Received a gift from Trog
 23597 | Lair:5   | Found a staircase to the Slime Pits.
 23788 | Lair:6   | Entered Level 6 of the Lair of Beasts
 23847 | Lair:6   | Received a gift from Trog
 23924 | Lair:6   | Reached skill level 12 in Crossbows
 24055 | Lair:6   | Noticed an entropy weaver
 24060 | Lair:6   | Killed an entropy weaver
 24060 | Lair:6   | Reached XP level 15. HP: 68/96 MP: 16/22
 24374 | Lair:6   | Found a frozen archway.
 24401 | IceCv    | Entered an ice cave
 24471 | IceCv    | Found a transporter.
 24490 | IceCv    | Got a scorched scale mail
 24525 | Lair:6   | Identified the +0 scale mail of a Million Seas {MR+} (You found it in an ice cave)
 24693 | Lair:6   | Reached ****** piety under Trog
 24766 | Lair:6   | Received a gift from Trog
 24766 | Lair:6   | Reached skill level 10 in Evocations
 25343 | Lair:5   | Reached skill level 13 in Crossbows
 26380 | Orc:2    | Killed Saint Roka
 26607 | Orc:2    | Found Naw Yfud's Jewellery Shop.
 26715 | Orc:1    | Received a gift from Trog
 27497 | Orc:2    | Received a gift from Trog
 27512 | Orc:2    | Reached skill level 14 in Crossbows
 27544 | Orc:2    | Reached XP level 16. HP: 104/104 MP: 24/24
 27752 | Orc:2    | Found Liedo's Antique Weapon Boutique.
 27753 | Orc:2    | Found Juzi's Assorted Antiques.
 27758 | Orc:2    | Found Koppuest's Distillery.
 27835 | Orc:2    | Noticed Maurice
 27838 | Orc:2    | Killed Maurice
 27876 | Orc:2    | Bought a glowing rapier for 238 gold pieces
 28345 | Spider:1 | Entered Level 1 of the Spider Nest
 28521 | Spider:1 | Received a gift from Trog
 28855 | Shoals:1 | Entered Level 1 of the Shoals
 30325 | Orc:2    | Bought a potion of heal wounds for 70 gold pieces
 30325 | Orc:2    | Bought a potion of haste for 140 gold pieces
 30325 | Orc:2    | Bought a potion of agility for 56 gold pieces
 30325 | Orc:2    | Bought a potion of haste for 140 gold pieces
 30325 | Orc:2    | Bought a potion of haste for 140 gold pieces
 30355 | Orc:2    | Bought a potion of heal wounds for 170 gold pieces
 30355 | Orc:2    | Bought a potion of curing for 102 gold pieces
 31007 | Shoals:2 | Reached skill level 15 in Crossbows
 31528 | Shoals:3 | Received a gift from Trog
 32285 | Shoals:4 | Entered Level 4 of the Shoals
 32285 | Shoals:4 | Noticed dscm's ghost (adept DsFi)
 32297 | Shoals:4 | Killed dscm's ghost
 32297 | Shoals:4 | Reached XP level 17. HP: 81/112 MP: 26/26
 32321 | Shoals:4 | Noticed Ilsuiw
 33113 | Shoals:4 | Killed Ilsuiw
 33172 | Shoals:4 | Reached skill level 15 in Fighting
 33172 | Shoals:4 | Reached skill level 16 in Crossbows
 34108 | Shoals:4 | HP: 3/113 [merfolk/great sword (13)]
 34111 | Shoals:4 | Slain by a merfolk

Skill      XL: |  1  2  3  4  5  6  7  8  9 10 11 12 13 14 15 16 17 |
---------------+----------------------------------------------------+-----
Stealth        | 1 2 3 4 6 10 12 | 12.1
Fighting       | 4 5 7 8 9 10 11 13 14 15 | 15.2
Short Blades   | 5 6 7 10 | 10.4
Dodging        | 3 4 6 9 10 12 13 14 | 14.0
Armour         | 2 6 9 |  9.7
Evocations     | 4 5 6 9 11 12 | 12.2
Crossbows      | 4 8 10 12 14 15 16 | 16.1

Action                   |  1- 3 |  4- 6 |  7- 9 | 10-12 | 13-15 | 16-18 || total
-------------------------+-------+-------+-------+-------+-------+-------++-------
Melee: Short sword       |    55 |       |       |       |       |       ||    55
       Dagger            |    50 |   162 |   352 |   895 |   846 |   230 ||  2535
 Fire: Arbalest          |       |       |       |    54 |   446 |   375 ||   875
       Triple crossbow   |       |       |       |       |    14 |       ||    14
Invok: Berserk           |     1 |     1 |     2 |     6 |     8 |     1 ||    19
       Trog's Hand       |       |     1 |     2 |     3 |     1 |       ||     7
       Brothers in Arms  |       |       |       |     1 |     1 |     4 ||     6
 Abil: Stop Flying       |       |       |       |       |       |     2 ||     2
       Evoke Flight      |       |       |       |       |       |     2 ||     2
Evoke: Wand              |       |       |       |    11 |    23 |     3 ||    37
       Sack of spiders   |       |       |       |       |     1 |       ||     1
  Use: Scroll            |       |     5 |     3 |    14 |    17 |    13 ||    52
       Potion            |       |       |     1 |     2 |     4 |     7 ||    14
 Stab: Sleeping          |     2 |     2 |     6 |    13 |     3 |       ||    26
       Distracted        |       |     1 |     1 |     1 |     3 |     2 ||     8
  Eat: Chunk             |    12 |     8 |    13 |    44 |    41 |    16 ||   134
       Meat ration       |       |       |       |       |       |     1 ||     1
Armor: Animal skin       |    14 |     3 |    12 |     3 |       |       ||    32
       Scale mail        |       |    29 |    26 |    26 |       |       ||    81
       Robe              |       |       |       |     3 |       |       ||     3
       Plate armour      |       |       |       |    47 |    15 |   135 ||   197
       Troll leather arm |       |       |       |    13 |   104 |       ||   117
Dodge: Dodged            |    81 |    85 |   164 |   516 |   725 |   209 ||  1780
       Deflected         |       |       |       |       |       |    57 ||    57
